 Dungeon Crawl Stone Soup version 0.28-a0-991-g956f0ee3d5 (webtiles) character file.

Game seed: 10364560670140650615

390 RepHenryClay the Stinger (level 6, 0/32 HPs)
             Began as a Deep Elf Venom Mage on Dec 5, 2021.
             Killed by an exploding Grinder (28 damage)
             ... ignited by their inner flame
             ... on level 3 of the Dungeon.
             The game lasted 00:06:32 (3710 turns).

RepHenryClay the Stinger (Deep Elf Venom Mage)      Turns: 3710, Time: 00:06:33

Health: 0/32       AC:  2    Str:  5    XL:     6   Next: 50%
Magic:  10/13      EV: 13    Int: 22    God:
Gold:   74         SH:  0    Dex: 15    Spells: 2/12 levels left

rFire   . . .      SeeInvis .   (no weapon)
rCold   . . .      Faith    .   (no shield)
rNeg    . . .      Spirit   .   a - +0 robe
rPois   .          Reflect  .   (no helmet)
rElec   .          Harm     .   (no cloak)
rCorr   .          Rampage  .   (no gloves)
Will    .....                   (no boots)
Stlth   ++........              (no amulet)
HPRegen 0.10/turn               (no ring)
MPRegen 0.13/turn               (no ring)

@: no status effects
A: no striking features
a: no special abilities


You were on level 3 of the Dungeon.
You visited 1 branch of the dungeon, and saw 4 of its levels.

You collected 74 gold pieces.

Inventory:

Armour
 a - a +0 robe (worn)
Scrolls
 f - a scroll of teleportation
Potions
 b - a potion of heal wounds
 d - a potion of attraction


   Skills:
 + Level 3.0 Dodging
 - Level 2.5 Stealth
 + Level 3.6 Spellcasting
 - Level 1.2 Transmutations
 - Level 3.5 Air Magic
 + Level 6.3 Poison Magic


You had 2 spell levels left.
You knew the following spells:

 Your Spells              Type           Power      Damage    Failure   Level
a - Poisonous Vapours     Pois/Air       50%        N/A       2%          2
b - Sting                 Tmut/Pois      80%        1d7       2%          1
c - Mephitic Cloud        Conj/Pois/Air  18%        N/A       9%          3
d - Olgreb's Toxic Radia  Pois           32%        N/A       9%          4

Your spell library contained the following spells:

 Spells                   Type           Power      Damage    Failure   Level
 Slow                     Hex            16%        N/A       12%         1
 Confusing Touch          Hex            4%         N/A       34%         3
 Yara's Violent Unravell  Hex/Tmut       3%         3d4       94%         5


Dungeon Overview and Level Annotations

Branches:
Dungeon (4/15)
 Temple: D:4-7

Altars:

Shops:
D:3 [


Message History

Okay, then.
Unknown command.
Grinder is engulfed in blazing flames.
Flame seeps out of Grinder.
Grinder closely misses you.
Casting: Sting (safe; 2% risk of failure)
Confirm with . or Enter, or press ? or * to list all spells.
Aiming: Sting (safe; 2% risk of failure)
Press: ? - help, Shift-Dir - straight line, f - Grinder
Aim: Grinder (flame, moderately wounded, inner flame, 73% to hit)
Okay, then.
You aren't carrying any items that you can evoke.
Casting: Sting (safe; 2% risk of failure)
Confirm with . or Enter, or press ? or * to list all spells.
Aiming: Sting (safe; 2% risk of failure)
Press: ? - help, Shift-Dir - straight line, f - endoplasm
Aim: an endoplasm (moderately wounded, inner flame, 98% to hit)
The sting hits Grinder but does no damage.
Grinder is poisoned.
Grinder is moderately wounded.
Flame seeps out of Grinder.
Grinder is engulfed in blazing flames.
Flame seeps out of Grinder.
Grinder hits you but does no damage.
Casting: Sting (safe; 2% risk of failure)
Confirm with . or Enter, or press ? or * to list all spells.
Aiming: Sting (safe; 2% risk of failure)
Press: ? - help, Shift-Dir - straight line, f - Grinder, p - endoplasm
Aim: Grinder (flame, severely wounded, inner flame, poisoned, 73% to hit)
Okay, then.
Casting: Sting (safe; 2% risk of failure)
Confirm with . or Enter, or press ? or * to list all spells.
Aiming: Sting (safe; 2% risk of failure)
Press: ? - help, Shift-Dir - straight line, f/p - endoplasm
Aim: an endoplasm (moderately wounded, inner flame, 98% to hit)
The sting hits the endoplasm.
The endoplasm partially resists.
Flame seeps out of the endoplasm.
The endoplasm is almost dead.
Grinder is engulfed in blazing flames.
Grinder explodes!
The fiery explosion engulfs you!!
Ouch! That really hurt!
You die...

∩...##### #<.......... .
.#..#...# #............ ..
..#.#...# #............
>.. ....#...#
#............ ....
#.###...# #............
..... #.......#
#............ #####...#
#............
#####...######.§J§........
.
........'......§§@........
.
#####...#################.
##### ##### #<..#####
###...... #######


You could see an endoplasm (inner flame).

Vanquished Creatures
  Grinder (D:3)
  Sigmund (D:3)
  A centaur (D:3)
  An orc priest (D:4)
  An iguana (D:4)
  An orc wizard (D:4)
  An adder (D:2)
  3 orcs (D:4)
  5 endoplasms
  2 giant cockroaches (D:1)
  3 goblins (D:1)
  8 hobgoblins
  3 jackals (D:1)
  7 quokkas
  4 ball pythons
  7 bats
  A frilled lizard (D:3)
  6 kobolds
  4 rats
60 creatures vanquished.

Notes
Turn   | Place    | Note
-------+----------+-------------------------------------------
     0 | D:1      | RepHenryClay the Deep Elf Venom Mage began the quest for
                  | the Orb.
     0 | D:1      | Reached XP level 1. HP: 10/10 MP: 6/6
   284 | D:1      | Reached XP level 2. HP: 15/15 MP: 1/8
   572 | D:1      | Reached skill level 4 in Poison Magic
   768 | D:1      | Learned a level 2 spell: Poisonous Vapours
  1259 | D:1      | Reached XP level 3. HP: 19/19 MP: 4/9
  1458 | D:2      | Learned a level 3 spell: Mephitic Cloud
  2184 | D:2      | Reached skill level 1 in Air Magic
  2395 | D:3      | Noticed a centaur
  2399 | D:3      | Noticed Sigmund
  2563 | D:3      | Found a faded altar of an unknown god.
  2781 | D:3      | Killed Sigmund
  2782 | D:3      | Reached skill level 5 in Poison Magic
  2782 | D:3      | Reached XP level 4. HP: 24/24 MP: 1/10
  2782 | D:3      | Reached XP level 5. HP: 28/28 MP: 1/11
  2881 | D:3      | Killed a centaur
  2882 | D:3      | Reached skill level 6 in Poison Magic
  2882 | D:3      | Reached XP level 6. HP: 25/32 MP: 1/12
  2991 | D:3      | Learned a level 4 spell: Olgreb's Toxic Radiance
  3227 | D:3      | Found Fimed's Antique Armour Shoppe.
  3227 | D:3      | Noticed Grinder
  3710 | D:3      | Killed Grinder
  3710 | D:3      | Killed by an exploding Grinder... ignited by their inner
                  | flame

Illustrated notes

Levels and vault maps discovered:
D:1:      dpeg_arrival_brainrot, layout_basic
D:2:      layout_rooms
D:3:      layout_basic, lemuel_blue_sif_altar, ebering_ecumenical_altar_hall,
          serial_shops, nicolae_shop_advertising_works
          [nicolae_subvault_shop_adworks], uniq_grinder, uniq_sigmund
D:4:      layout_basic, ebering_ghost_rock_garden, kennysheep_generic_room_2,
          uniq_eustachio

Skill      XL: |  1  2  3  4  5  6 |
---------------+-------------------+-----
Poison Magic   | 4 5 6 |  6.3
Air Magic      | 3 |  3.5
Dodging        | 3 |  3.0
Stealth        | |  2.5
Spellcasting   | |  3.6
Transmutations | |  1.2

Action                   |  1- 3 |  4- 6 || total
-------------------------+-------+-------++-------
Melee: Unarmed           |     3 |     3 ||     6
 Cast: Sting             |    54 |    12 ||    66
       Poisonous Vapours |    47 |    17 ||    64
       Mephitic Cloud    |     2 |     1 ||     3
       Olgreb's Toxic Ra |       |     2 ||     2
  Use: Potion            |     1 |       ||     1
       Scroll            |       |     6 ||     6
Armor: Robe              |     6 |     9 ||    15
Dodge: Dodged            |    29 |    10 ||    39

Table legend: (Time is in decaauts)
 A = Elapsed time spent in this place.
 B = Non-inter-level travel time spent in this place.
 C = Inter-level travel time spent in this place.
 D = Time resting spent in this place.
 E = Time spent auto-exploring this place.
 F = Levels seen in this place.
 G = Mean time per level.
                   A        B        C        D        E       F      G
               +--------+--------+--------+--------+--------+-----+--------+
         Total |   3711 |   3552 |    159 |    330 |   2708 |   4 |  927.8 |
       Dungeon |   3711 |   3552 |    159 |    330 |   2708 |   4 |  927.8 |
               +--------+--------+--------+--------+--------+-----+--------+

Top non-repeatable levels by time:
     D:1: 1453 daAuts
     D:3: 1036 daAuts
     D:2: 1020 daAuts
     D:4: 202 daAuts
